 Dungeon Crawl Stone Soup version 0.19.1-1-g22dce08 (webtiles) character file.

3822 Hipnos the Slicer (level 10, -2/76 HPs)
             Began as a Human Monk on Jan 13, 2017.
             Was a Priest of Dithmenos.
             Slain by a hornet (11 damage)
             ... while paralysed by a hornet
             ... on level 7 of the Dungeon.
             The game lasted 00:25:53 (6586 turns).

Hipnos the Slicer (Human Monk)                      Turns: 6586, Time: 00:25:54

Health: -2/76      AC:  6    Str: 11    XL:     10   Next: 40%
Magic:  10/10      EV:  2    Int: 13    God:    Dithmenos [***...]
Gold:   352        SH:  0    Dex: 17    Spells: 0 memorised, 9 levels left

rFire  x . .     SeeInvis .     l - +1 rapier (elec)
rCold  + . .     Gourm    .     d - +0 leather armour (curse)
rNeg   . . .     Faith    .     (no shield)
rPois  .         Spirit   .     (no helmet)
rElec  .         Reflect  .     I - +0 cloak (curse)
rCorr  .         Harm     .     (no gloves)
MR     .....                    H - +0 pair of boots
Stlth  ++++......               m - amulet of regeneration
                                p - ring of ice
                                i - +1 ring of evasion

@: paralysed, lethally poisoned (-2 -> -3), very slightly contaminated, slowed,
wreathed by umbra, invisible
A: no striking features
a: Shadow Step, Renounce Religion


You were on level 7 of the Dungeon.
You worshipped Dithmenos.
Dithmenos was most pleased with you.
You were not hungry.

You visited 1 branch of the dungeon, and saw 7 of its levels.
You also visited: Ossuary.

You collected 352 gold pieces.

Inventory:

Hand Weapons
 a - a +0 falchion
 l - a +1 rapier of electrocution (weapon)
 t - a +0 rapier
Armour
 b - a +0 robe
 d - a cursed +0 leather armour (worn)
 H - a +0 pair of boots (worn)
 I - a cursed +0 cloak (worn)
Jewellery
 i - a +1 ring of evasion (left hand)
 m - an amulet of regeneration (around neck)
 p - a ring of ice (right hand)
 v - a cursed ring of loudness {unknown}
Wands
 C - a wand of acid (9/15)
Scrolls
 f - 5 scrolls of remove curse
 g - 2 scrolls of enchant weapon
 h - 2 scrolls of amnesia {unknown}
 j - 2 scrolls of magic mapping {unknown}
 k - 3 scrolls of blinking {unknown}
 o - a scroll of fear {unknown}
 q - a scroll of enchant armour {unknown}
 y - 2 scrolls of recharging {unknown}
 J - a scroll of fog {unknown}
Potions
 e - 3 potions of brilliance
 n - 6 potions of curing
 r - a potion of cure mutation
 u - 3 potions of agility
 x - a potion of lignification {unknown}
 z - a potion of beneficial mutation {unknown}
 A - a potion of resistance {unknown}
 D - a potion of degeneration {unknown}
 E - a potion of invisibility
 F - a potion of heal wounds
 G - a potion of flight {unknown}
Books
 B - a book of Battle

   Spells                             Type                      Level
   a - Infusion                       Charms                       1
   b - Shroud of Golubria             Charms/Translocation         2
   c - Song of Slaying                Charms                       2
   d - Spectral Weapon                Hexes/Charms                 3
   e - Regeneration                   Charms/Necromancy            3
Comestibles
 c - 3 bread rations
 s - 2 meat rations
 w - 2 slices of pizza
 K - a chunk of flesh


   Skills:
 + Level 6.3 Fighting
 + Level 9.2(9.5) Short Blades
 + Level 4.0(7.1) Long Blades
 + Level 4.7 Armour
 + Level 5.9 Dodging
 + Level 6.5 Stealth


You had 9 spell levels left.
You didn't know any spells.

Dungeon Overview and Level Annotations

Branches:
Dungeon (7/15)             Temple (0/1) D:6

Altars:
Dithmenos
Elyvilon
Uskayaw


Message History

You feel yourself speed up. The hornet stings you!
* * * LOW HITPOINT WARNING * * *
You feel yourself slow down. The hornet stings you!
* * * LOW HITPOINT WARNING * * *
You are lethally poisoned!
You feel as though you will be slow longer.
You feel much better.
You feel sick. The hornet completely misses you. The hornet stings you.
* * * LOW HITPOINT WARNING * * *
You feel as though you will be slow longer.
You fade into invisibility!
You feel sick. The hornet barely misses you. The hornet misses you.
The hornet closely misses you.
You are very lightly contaminated with residual magic.
Unknown command.
You feel sick. The hornet stings you!
* * * LOW HITPOINT WARNING * * *
You suddenly lose the ability to move!
The hornet stings you!
You die...

+.......... ...
##.......### ...
######### #..
###########
#.........#
#.....?...#
#....@....####### #.
#.....y...'.....# #.
#.........#####.# #.
#.........#####.#####.
#.........##........#.
########+###.##.###.#.
#.###.##.# #.#.
#......#.###.#.
#####..#......#


You could see a hornet.

Vanquished Creatures
  The ghost of theAP the Carver, a novice HOFi (D:5)
  A two-headed ogre (D:4)
  Grinder (D:6)
  Prince Ribbit (D:7)
  A hungry ghost (D:4)
  Edmund (D:5)
  Menkaure (D:4)
  2 phantoms (D:6)
  An orc warrior (D:7)
  An ogre (D:5)
  4 centaurs (D:6)
  A big kobold (D:7)
  Blork the orc (D:4)
  A bullfrog (D:6)
  A wyvern zombie (Ossuary)
  3 killer bees (D:7)
  3 crimson imps
  3 centaur zombies (Ossuary)
  3 bullfrog zombies
  4 orc wizards
  Crazy Yiuf (D:6)
  2 orc priests
  3 hounds
  2 bullfrog skeletons
  2 centaur skeletons
  Ijyb (D:3)
  3 iguanas
  3 worker ants (D:5)
  A killer bee zombie (Ossuary)
  3 hound zombies (Ossuary)
  11 mummies (Ossuary)
  3 gnolls (D:3)
  A howler monkey skeleton (D:4)
  8 adders
  2 shadow imps (D:5)
  An ooze (D:1)
  An adder skeleton (D:4)
  3 adder zombies (Ossuary)
  4 worms
  A dart slug (D:1)
  8 leopard geckos
  24 orcs
  11 bats
  10 goblins
  11 hobgoblins
  8 kobolds
  2 quokkas
  5 frilled lizards
  A jackal skeleton (D:4)
  A jackal zombie (Ossuary)
  A kobold zombie (D:6)
  2 leopard gecko zombies (Ossuary)
  8 rats
183 creatures vanquished.

Vanquished Creatures (others)
  2 withered plants (Ossuary)
2 creatures vanquished.

Grand Total: 185 creatures vanquished

Notes
Turn   | Place    | Note
-------+----------+-------------------------------------------
     0 | D:1      | Hipnos the Human Monk began the quest for the Orb.
     0 | D:1      | Reached XP level 1. HP: 18/18 MP: 1/1
    45 | D:1      | Reached XP level 2. HP: 14/24 MP: 2/2
   443 | D:1      | Reached XP level 3. HP: 29/29 MP: 3/3
  1312 | D:2      | Reached XP level 4. HP: 29/35 MP: 4/4
  1619 | D:3      | Reached skill level 1 in Armour
  1756 | D:3      | Reached XP level 5. HP: 30/41 MP: 5/5
  2035 | D:3      | Noticed Ijyb
  2038 | D:3      | Killed Ijyb
  2038 | D:3      | Reached skill level 1 in Short Blades
  2076 | D:3      | Reached XP level 6. HP: 31/47 MP: 6/6
  2623 | D:3      | Reached skill level 2 in Short Blades
  2904 | D:4      | Noticed a two-headed ogre
  2936 | D:4      | Reached XP level 7. HP: 53/53 MP: 7/7
  3109 | D:4      | Found a white marble altar of Elyvilon.
  3142 | D:4      | Noticed a hungry ghost
  3159 | D:4      | Killed a hungry ghost
  3159 | D:4      | Reached skill level 3 in Short Blades
  3254 | D:4      | Killed a two-headed ogre
  3254 | D:4      | Reached XP level 8. HP: 41/60 MP: 8/8
  3305 | D:4      | Reached skill level 4 in Short Blades
  3331 | D:4      | Noticed Blork the orc
  3346 | D:4      | Killed Blork the orc
  3591 | D:4      | Noticed Menkaure
  3599 | D:4      | Killed Menkaure
  3599 | D:4      | Reached skill level 5 in Short Blades
  3631 | D:5      | Entered Level 5 of the Dungeon
  4027 | D:5      | Noticed Edmund
  4036 | D:5      | Killed Edmund
  4075 | D:5      | Noticed theAP's ghost (novice HOFi)
  4252 | D:5      | Reached skill level 5 in Stealth
  4344 | D:5      | Killed theAP's ghost
  4344 | D:5      | Reached skill level 5 in Fighting
  4344 | D:5      | Reached skill level 6 in Short Blades
  4344 | D:5      | Reached skill level 5 in Dodging
  4344 | D:5      | Reached XP level 9. HP: 15/68 MP: 9/9
  5117 | D:6      | Found a shadowy altar of Dithmenos.
  5124 | D:6      | Became a worshipper of Dithmenos the Shadowed
  5124 | D:6      | Reached * piety under Dithmenos
  5124 | D:6      | Reached ** piety under Dithmenos
  5139 | D:6      | Found a staircase to the Ecumenical Temple.
  5181 | D:6      | Reached skill level 7 in Short Blades
  5318 | D:6      | Noticed Grinder
  5327 | D:6      | Killed Grinder
  5387 | D:6      | Found a sand-covered staircase.
  5407 | Ossuary  | Entered an ossuary
  5570 | Ossuary  | Reached skill level 8 in Short Blades
  5585 | Ossuary  | Reached XP level 10. HP: 64/76 MP: 10/10
  5732 | Ossuary  | Reached *** piety under Dithmenos
  5810 | D:6      | Found a hide-covered altar of Uskayaw.
  5831 | D:6      | Noticed a dagger
  5831 | D:6      | Noticed a dagger
  6027 | D:6      | Found a runed door.
  6036 | D:6      | Noticed Crazy Yiuf
  6040 | D:6      | Killed Crazy Yiuf
  6335 | D:7      | Noticed Prince Ribbit
  6338 | D:7      | Killed Prince Ribbit
  6393 | D:7      | Reached skill level 9 in Short Blades
  6569 | D:7      | Paralysed by a hornet for 3 turns
  6583 | D:7      | HP: 2/76 [hornet (13)]
  6586 | D:7      | Paralysed by a hornet for 2 turns
  6586 | D:7      | Slain by a hornet

Skill      XL: |  1  2  3  4  5  6  7  8  9 10 |
---------------+-------------------------------+-----
Armour         | 1 2 3 4 |  4.7
Stealth        | 3 4 5 6 |  6.5
Long Blades    | 4 |  4.0
Short Blades   | 1 2 3 6 8 9 |  9.2
Dodging        | 4 5 |  5.9
Fighting       | 4 5 6 |  6.3

Action                   |  1- 3 |  4- 6 |  7- 9 | 10-12 || total
-------------------------+-------+-------+-------+-------++-------
Melee: Falchion          |    83 |       |       |       ||    83
       Rapier            |    16 |   137 |   284 |   130 ||   567
  Use: Scroll            |       |     5 |       |     3 ||     8
       Potion            |       |       |       |     3 ||     3
 Stab: Sleeping          |     6 |     9 |     8 |     8 ||    31
       Distracted        |       |       |     1 |       ||     1
  Eat: Chunk             |     1 |     6 |    10 |     4 ||    21
Armor: Robe              |     5 |       |       |       ||     5
       Leather armour    |    22 |    13 |    15 |    12 ||    62
Dodge: Dodged            |    88 |    91 |   148 |    98 ||   425
       Rpst.: Falchion   |    23 |       |       |       ||    23
